 Dungeon Crawl Stone Soup version 0.21.1-1-g345015f (webtiles) character file.

6267 microfolk the Transmogrifier (level 10, 0/86 HPs)
             Began as an Octopode Transmuter on May 7, 2018.
             Was a Follower of Fedhas.
             Slain by a seven-headed hydra (16 damage)
             ... on level 9 of the Dungeon.
             The game lasted 00:42:32 (16235 turns).

microfolk the Transmogrifier (Octopode Transmuter) Turns: 16235, Time: 00:42:33

Health: 0/86       AC:  7    Str:  9    XL:     10   Next: 94%
Magic:  16/16      EV: 10    Int: 20    God:    Fedhas [*.....]
Gold:   480        SH:  0    Dex: 17    Spells: 3/17 levels left

rFire    x . .     SeeInvis .     - Unarmed
rCold    + + +     Gourm    .   (shield currently unavailable)
rNeg     . . .     Faith    .   (helmet currently unavailable)
rPois    +         Spirit   .   F - amulet of regeneration
rElec    .         Reflect  .   r - +5 ring of dexterity
rCorr    +         Harm     .   H - ring of resist corrosion
MR       .....                  (no ring)
Stlth    +++.......             (no ring)
HPRegen  0.64/turn              (no ring)
MPRegen  0.15/turn              (no ring)
                                (no ring)
                                (no ring)

@: ice-form
A: large, almost no armour, stealthy swim, amphibious, 8 rings, (constrict 8)
a: End Transformation, Fungal Bloom, Evolution, Renounce Religion


You were on level 9 of the Dungeon.
You worshipped Fedhas.
Fedhas was aware of your devotion.
You were hungry.
You were a creature of crystalline ice.
You visited 2 branches of the dungeon, and saw 11 of its levels.

You collected 505 gold pieces.
You spent 25 gold pieces at shops.

Inventory:

Hand Weapons
 w - a +0 hunting sling
Missiles
 d - 314 stones (quivered)
 l - 2 throwing nets
 J - 135 arrows
Magical Staves
 a - an uncursed staff of wizardry (melded)
Jewellery
 r - a +5 ring of dexterity (left front paw)
 F - an amulet of regeneration (around neck)
 H - a ring of resist corrosion (right front paw)
Wands
 t - a wand of clouds (5)
 u - a wand of flame (43)
 A - a wand of polymorph (11)
 C - a wand of iceblast (22)
 G - a wand of paralysis (21)
Scrolls
 g - 4 scrolls of remove curse
 i - 5 scrolls of teleportation
 m - 2 scrolls of fog
 o - 2 scrolls of immolation {unknown}
 q - 3 scrolls of amnesia
 s - a scroll of blinking
 v - a scroll of enchant armour {unknown}
 E - a scroll of enchant weapon {unknown}
Potions
 e - 3 potions of curing
 f - 2 potions of magic
 h - 4 potions of flight
 j - 2 potions of might
 k - 2 potions of heal wounds
 p - 2 potions of lignification
 x - a potion of degeneration {unknown}
 z - a potion of berserk rage {unknown}
 D - 2 potions of haste
 I - a potion of brilliance {unknown}
Books
 b - a book of Changes

   Spells                             Type                      Level
   a - Beastly Appendage              Transmutation                1
   b - Sticks to Snakes               Transmutation                2
   c - Spider Form                    Transmutation/Poison         3
   d - Ice Form                       Ice/Transmutation            4
   e - Blade Hands                    Transmutation                5
 B - a book of Geomancy

   Spells                             Type                      Level
   a - Sandblast                      Earth                        1
   b - Passwall                       Transmutation/Earth          2
   c - Stone Arrow                    Conjuration/Earth            3
   d - Petrify                        Transmutation/Earth          4
   e - Lee's Rapid Deconstruction     Earth                        5
 K - a book of Air

   Spells                             Type                      Level
   a - Shock                          Conjuration/Air              1
   b - Swiftness                      Charms/Air                   2
   c - Static Discharge               Conjuration/Air              3
   d - Airstrike                      Air                          4
   e - Lightning Bolt                 Conjuration/Air              5
Comestibles
 c - 11 rations


   Skills:
 + Level 7.9 Fighting
 - Level 2.0 Dodging
 - Level 5.0 Stealth
 + Level 8.5 Unarmed Combat
 + Level 4.4 Spellcasting
 + Level 8.8 Transmutations
 - Level 5.1 Ice Magic
 - Level 2.0 Poison Magic


You had 3 spell levels left.
You knew the following spells:

 Your Spells              Type           Power        Failure   Level  Hunger
a - Beastly Appendage     Tmut           #####.       1%          1    None
b - Sticks to Snakes      Tmut           #####...     1%          2    #......
c - Spider Form           Tmut/Pois      ####......   4%          3    ###....
d - Ice Form              Ice/Tmut       ####....     7%          4    ####...
e - Passwall              Tmut/Erth      ###.......   3%          2    #......
f - Swiftness             Chrm/Air       #.......     19%         2    #......


Dungeon Overview and Level Annotations

Branches:
Dungeon (10/15)            Temple (1/1) D:7
   Lair: D:8-11         Orc: D:9-12

Altars:
Ashenzari
Cheibriados
Dithmenos
Elyvilon
Fedhas
Gozag
Hepliaklqana
Kikubaaqudgha
Makhleb
Nemelex Xobeh
Okawaru
Qazlal
Ru
Sif Muna
Trog
Uskayaw
Vehumet
Wu Jian
Xom
Yredelemnul
Zin
The Shining One

Shops:
D:6 *%(   D:10 ?*

Annotations:
D:1 exclusion: downstairs
D:3 exclusion: downstairs
D:4 1 runed door
D:9 exclusions: 9 doors and downstairs


Innate Abilities, Weirdness & Mutations

You cannot wear most types of armour.
You are very stealthy in the water. (Stealth+)
You are amphibious.
You can wear up to eight rings at the same time.
((You can use your tentacles to constrict eight enemies at once.))
((Your skin changes colour to match your surroundings (Stealth+).))
((Your rubbery body absorbs attacks. (AC +1, EV +1)))


Message History

Evoke which item? (* to show all) (? for menu, Esc to quit)
Okay, then.
As you open the door, it creaks loudly!
The seven-headed hydra bites you. x2; The seven-headed hydra bites you! x2
The seven-headed hydra bites you.
The seven-headed hydra barely misses you. x2
There is an open door here.
Okay, then.
Okay, then.
As you read the scroll of fear, it crumbles to dust.
You assume a fearsome visage.
The seven-headed hydra easily resists.
The seven-headed hydra bites you but does no damage.
The seven-headed hydra bites you!
* * * LOW HITPOINT WARNING * * *
The seven-headed hydra bites you.
* * * LOW HITPOINT WARNING * * *
The seven-headed hydra closely misses you.
The seven-headed hydra bites you!
You die...
Fedhas appreciates your contribution to the ecosystem.

#.......####........######.....#
#####f### ######'### ###.###
##...# ##...# #..# ##..### ##..###
##.# #..## #..## #.# #'#######
#.## #.# ........#####'######
###'### ........##.........#
#...... .........#......Y..#
#...... .........#.......D.#
#......
.........#.........########...>..
.........#.........'......'...รท..
.........#.........########......
.....ffff..........# #......
##########.........# #......
########### #######


You could see a seven-headed hydra.

Vanquished Creatures
  3 hornets
  3 hippogriffs
  A wyvern (D:10)
  Sigmund (D:2)
  Eustachio (D:5)
  A soldier ant (D:9)
  3 sky beasts
  2 orc warriors (D:10)
  3 black bears
  An ice beast (D:10)
  A necrophage (D:10)
  4 centaurs
  A phantom (D:4)
  5 ogres
  5 bullfrogs
  A scorpion (D:4)
  3 killer bees (D:10)
  A water moccasin skeleton (D:8)
  2 bullfrog zombies (D:6)
  2 jellies
  6 orc priests
  3 hounds
  10 orc wizards
  4 centaur skeletons
  A bullfrog skeleton (D:6)
  2 iguanas
  Natasha (thrice) (D:2)
  11 worker ants
  A hound zombie (D:5)
  3 worker ant zombies
  9 gnolls
  12 adders
  A howler monkey skeleton (D:4)
  2 shadow imps
  2 adder skeletons
  5 worms
  3 dart slugs
  8 leopard geckos
  34 orcs
  4 ball pythons
  7 giant cockroaches
  8 goblins
  6 hobgoblins
  10 jackals
  3 quokkas
  A ball python skeleton (D:5)
  7 bats
  2 frilled lizards (D:2)
  A giant cockroach zombie (D:5)
  10 kobolds
  8 rats
231 creatures vanquished.

Vanquished Creatures (collateral kills)
  A two-headed ogre (D:10)
  A troll (D:10)
  A soldier ant (D:10)
  A water moccasin (D:7)
  A black bear (D:10)
  2 ogres
  A big kobold (D:5)
  2 scorpions
  A killer bee (D:10)
  A howler monkey (D:5)
  An orc priest (D:5)
  An orc wizard (D:8)
  2 gnolls (D:8)
  A leopard gecko (D:10)
  8 orcs
  A kobold (D:5)
26 creatures vanquished.

Vanquished Creatures (others)
  5 wandering mushrooms (D:10)
  104 toadstools
109 creatures vanquished.

Grand Total: 366 creatures vanquished

Notes
Turn   | Place    | Note
-------+----------+-------------------------------------------
     0 | D:1      | microfolk the Octopode Transmuter began the quest for the Orb.
     0 | D:1      | Reached XP level 1. HP: 13/13 MP: 3/3
   343 | D:1      | Reached XP level 2. HP: 18/18 MP: 3/5
   350 | D:1      | Learned a level 2 spell: Sticks to Snakes
   550 | D:1      | Reached skill level 1 in Stealth
  1514 | D:2      | Reached XP level 3. HP: 22/23 MP: 4/6
  1519 | D:2      | Learned a level 3 spell: Spider Form
  1786 | D:2      | Noticed Natasha
  1974 | D:2      | Reached skill level 1 in Poison Magic
  2024 | D:2      | Reached XP level 4. HP: 16/29 MP: 3/7
  2460 | D:2      | Noticed Sigmund
  2941 | D:2      | Killed Sigmund
  2941 | D:2      | Reached XP level 5. HP: 23/35 MP: 4/8
  2941 | D:2      | Reached XP level 6. HP: 28/41 MP: 4/9
  2966 | D:2      | Killed Natasha
  3068 | D:2      | Noticed Natasha
  3076 | D:2      | Killed Natasha
  3226 | D:2      | Noticed Natasha
  3235 | D:2      | Killed Natasha
  4622 | D:4      | Reached XP level 7. HP: 33/46 MP: 7/10
  5044 | D:4      | Found an opulent altar of Gozag.
  5536 | D:4      | Reached skill level 5 in Stealth
  5717 | D:4      | Learned a level 4 spell: Ice Form
  6055 | D:4      | Reached skill level 5 in Unarmed Combat
  6055 | D:4      | Reached skill level 1 in Ice Magic
  6805 | D:4      | Found a runed door.
  6832 | D:5      | Entered Level 5 of the Dungeon
  7028 | D:4      | Reached XP level 8. HP: 50/54 MP: 5/11
  7217 | D:5      | Found a sacrificial altar of Ru.
  7217 | D:5      | Found a white marble altar of Elyvilon.
  7905 | D:5      | Reached skill level 5 in Transmutations
  8238 | D:5      | Noticed Eustachio
  8339 | D:5      | Killed Eustachio
  9502 | D:6      | Found a shimmering altar of Xom.
  9820 | D:6      | Found Yblatuqo's Weapon Shop.
  9821 | D:6      | Found Ripn's Jewellery Shoppe.
  9867 | D:6      | Found a deep blue altar of Sif Muna.
  9870 | D:6      | Found Xuzutup's Food Shop.
 10064 | D:6      | Reached skill level 5 in Fighting
 10074 | D:6      | Reached XP level 9. HP: 28/61 MP: 5/12
 10297 | D:6      | Found Waptout's Assorted Antiques.
 10300 | D:6      | Bought a scroll labeled ZUZIUWK LEESM for 25 gold pieces
 10328 | D:6      | Paralysed by an orc for 5 turns
 10401 | D:6      | Found a shattered altar of Ashenzari.
 11742 | D:7      | Found a staircase to the Ecumenical Temple.
 11780 | Temple   | Entered the Ecumenical Temple
 11803 | Temple   | Learned a level 2 spell: Passwall
 11900 | Temple   | Became a worshipper of Fedhas Madash
 12108 | D:7      | Reached skill level 5 in Ice Magic
 12501 | D:7      | Found a shadowy altar of Dithmenos.
 12501 | D:7      | Found an iron altar of Okawaru.
 12501 | D:7      | Found an opulent altar of Gozag.
 12501 | D:7      | Found a hazy altar of Hepliaklqana.
 12522 | D:7      | Found a stormy altar of Qazlal.
 12522 | D:7      | Found a glowing golden altar of the Shining One.
 12844 | D:7      | Found a stormy altar of Qazlal.
 13041 | D:8      | Reached * piety under Fedhas
 13369 | D:8      | Found a bloodstained altar of Trog.
 13427 | D:8      | Reached XP level 10. HP: 67/69 MP: 13/13
 14392 | D:8      | Found a bloodstained altar of Trog.
 14887 | D:9      | Learned a level 2 spell: Swiftness
 14914 | D:9      | Found a hide-covered altar of Uskayaw.
 15156 | D:9      | Noticed a deep elf mage
 15223 | D:10     | Entered Level 10 of the Dungeon
 15388 | D:10     | Noticed a two-headed ogre
 15671 | D:10     | Found Oxim Bax's Magic Scroll Boutique.
 15677 | D:10     | Killed a two-headed ogre
 15870 | D:10     | Found Dayx's Antique Armour Emporium.
 15900 | D:10     | Reached ** piety under Fedhas
 15976 | D:10     | Found Plog's Assorted Antiques.
 16041 | D:10     | Noticed a seven-headed hydra
 16235 | D:9      | Slain by a seven-headed hydra

Skill      XL: |  1  2  3  4  5  6  7  8  9 10 |
---------------+-------------------------------+-----
Stealth        | 1 2 3 4 5 |  5.0
Poison Magic   | 1 2 |  2.0
Fighting       | 2 3 4 5 6 7 |  7.9
Unarmed Combat | 4 5 6 7 8 |  8.5
Transmutations | 3 4 6 7 8 |  8.8
Ice Magic      | 2 4 5 |  5.1
Spellcasting   | 4 |  4.4
Dodging        | |  2.0

Action                   |  1- 3 |  4- 6 |  7- 9 | 10-12 || total
-------------------------+-------+-------+-------+-------++-------
Melee: Unarmed           |    65 |   111 |   364 |   130 ||   670
       Constrict         |    20 |    15 |    23 |     1 ||    59
       Tentacles         |    10 |     6 |    10 |     2 ||    28
       Kick              |    10 |    11 |    25 |     5 ||    51
       Punch             |       |       |     2 |     1 ||     3
       Staff             |       |       |       |    14 ||    14
Throw: Stone             |    12 |    11 |    41 |     2 ||    66
 Cast: Beastly Appendage |    26 |    14 |    27 |     2 ||    69
       Spider Form       |     2 |    17 |    56 |    10 ||    85
       Sticks to Snakes  |       |       |    48 |     9 ||    57
       Ice Form          |       |       |       |    10 ||    10
Invok: Fungal Bloom      |       |       |    13 |    21 ||    34
       Evolution         |       |       |     3 |     2 ||     5
  Use: Scroll            |     3 |     2 |     7 |     4 ||    16
       Potion            |     1 |     1 |       |     1 ||     3
 Stab: Sleeping          |     4 |     4 |     3 |     5 ||    16
       Distracted        |       |       |     6 |     2 ||     8
  Eat: Chunk             |     4 |    10 |    21 |     5 ||    40
       Ration            |       |       |     5 |     2 ||     7
Armor: Skin              |     6 |     9 |    14 |    73 ||   102
Dodge: Dodged            |    30 |    96 |   291 |    84 ||   501
